 Dungeon Crawl Stone Soup version 0.32-a0-711-g016ad743e0 (webtiles) character file.

Game seed: 13468887821827815012

4 Griffin23 the Trooper (level 1, -1/1 (18) HPs)
             Began as a Formicid Berserker on Mar 15, 2024.
             Was a Follower of Trog.
             Slain by a sphinx zombie (2 damage)
             ... on level 15 of the Dungeon.
             The game lasted 00:07:00 (1897 turns).

Griffin23 the Trooper (Formicid Berserker)          Turns: 1897, Time: 00:07:00

HP:   -1/1 (18)     AC:  2    Str: 21    XL:     1   Next: 66%
MP:   1/1           EV: 11    Int:  6    God:    Trog [*.....]
Gold: 5             SH:  0    Dex: 13    Spells: 0/0 levels left

rFire   . . .        a - +0 falchion
rCold   . . .        (no shield)
rNeg    . . .        b - +0 animal skin
rPois   .            (helmet unavailable)
rElec   .            (no cloak)
rCorr   .            (no gloves)
SInv    +            (no boots)
Will    .....        (no amulet)
Stlth   +            (no ring)
HPRegen 0.20/turn    (no ring)
MPRegen 0.07/turn

%: no passive effects
@: extremely drained
A: permanent stasis, dig shafts and tunnels, antennae 3, four strong arms
a: Dig, Shaft Self, Renounce Religion


You were on level 15 of the Dungeon.
You worshipped Trog.
Trog was aware of your devotion.
You visited 1 branch of the dungeon, and saw 11 of its levels.

You collected 5 gold pieces.

Inventory:

Hand Weapons
 a - a +0 falchion (weapon)
Armour
 b - a +0 animal skin (worn)
Scrolls
 c - a scroll of identify {unknown}
 f - a scroll of poison
Potions
 e - 2 potions of haste {unknown}


   Skills:
 + Level 3.3 Fighting
 + Level 3.0 Long Blades
 + Level 2.3 Armour
 + Level 1.8 Dodging


You couldn't memorise any spells.
You didn't know any spells.
Your spell library was empty.

Dungeon Overview and Level Annotations

Branches:
Dungeon (4/15)             Depths (0/4) D:15
 Temple: D:4-7

Altars:
Okawaru

Shops:
D:9 (=


Innate Abilities, Weirdness & Mutations

You cannot be hasted, slowed, berserked, paralysed or teleported.
You can dig through walls and to a lower floor.
You have a pair of large antennae on your head. (SInv)
Your four strong arms can wield two-handed weapons with a shield.


Message History

You dig through the rock wall.
You feel drained.
You dig through the rock wall.
You feel drained.
You dig through the rock wall.
You feel drained.
You dig through the rock wall.
You feel drained.
You dig through the rock wall.
You feel drained.
You dig through the rock wall.
You feel drained.
You dig through the rock wall.
You feel drained.
You dig through the rock wall.
You feel drained.
You dig through the rock wall.
You feel drained.
You dig through the rock wall.
You feel drained.
You dig through the rock wall.
You feel drained.
You dig through the rock wall.
You feel drained.
You dig through the rock wall.
You feel drained.
You dig through the rock wall.
You feel drained.
You dig through the rock wall.
You feel drained.
You dig through the rock wall.
You feel drained.
You dig through the rock wall.
You feel drained.
You dig through the rock wall.
You feel drained.
You dig through the rock wall.
You feel drained.
You dig through the rock wall.
You feel drained.
You dig through the rock wall.
You feel drained.
You dig through the rock wall.
You feel drained.
You dig through the rock wall.
You feel drained.
You dig through the rock wall.
You feel drained.
You dig through the rock wall.
You feel drained.
You dig through the rock wall.
You feel drained.
You dig through the rock wall.
You feel drained.
As you read the scroll of fear, it crumbles to dust.
You assume a fearsome visage.
The sphinx zombie is unaffected.
You retract your mandibles.
The flayed ghost stares at you with tortured malice.
The air fills with toxic fumes!
As you read the scroll labelled JUYCSA VEUSOTS, it crumbles to dust.
It was a scroll of poison.
You extend your mandibles.
You dig through the rock wall.
You feel drained.
The sphinx zombie attacks as it pursues you!
The sphinx zombie barely misses you. The sphinx zombie hits you.
Ouch! That really hurt!
You die...

########################
#.......................
#.######################
#.# ### #.# #@# #.# #Z#
#.# #§# #.# #.# #.# #§#
#.# #W# #.# #.# #.# #§#
#.# #§#


You could see a flayed ghost and a sphinx zombie.

Vanquished Creatures
  A ball python (D:2)
  A giant cockroach (D:2)
  A goblin (D:1)
3 creatures vanquished.

Notes
Turn   | Place    | Note
-------+----------+-------------------------------------------
     0 | D:1      | Griffin23 the Formicid Berserker began the quest for the
                  | Orb.
     0 | D:1      | Reached XP level 1. HP: 18/18 MP: 1/1
    43 | D:1      | You fall into a shaft and drop 1 floor!
   859 | D:2      | You fall into a shaft and drop 1 floor!
   865 | D:3      | You fall into a shaft and drop 1 floor!
   879 | D:4      | You fall into a shaft and drop 3 floors!
   882 | D:7      | You fall into a shaft and drop 1 floor!
   885 | D:8      | You fall into a shaft and drop 1 floor!
   885 | D:9      | Found Nyovoo's Weapon Shop.
   885 | D:9      | Found Efocie's Jewellery Shop.
  1235 | D:9      | You fall into a shaft and drop 1 floor!
  1235 | D:10     | Entered Level 10 of the Dungeon
  1273 | D:10     | You fall into a shaft and drop 3 floors!
  1275 | D:13     | Noticed a vampire mosquito
  1275 | D:13     | Noticed a vampire mosquito
  1276 | D:13     | You fall into a shaft and drop 1 floor!
  1279 | D:14     | You fall into a shaft and drop 1 floor!
  1279 | D:15     | Entered Level 15 of the Dungeon
  1281 | D:15     | Noticed a centaur warrior
  1509 | D:15     | Noticed a hornet
  1811 | D:15     | Found an iron altar of Okawaru.
  1840 | D:15     | Found a staircase to the Depths.
  1840 | D:15     | Noticed a flayed ghost
  1841 | D:15     | Noticed a sphinx zombie
  1897 | D:15     | Slain by a sphinx zombie

Illustrated notes

Levels and vault maps discovered:
D:1:      zaba_arrival_water, layout_rooms
D:2:      layout_loops_ring
D:3:      layout_loops_ring, serial_shops, shop,
          hangedman_abyss_or_decor_lesser_grid, amcnicky_mini_pool_small,
          palyth_stone_intersect
D:4:      layout_rooms, riverfiend_overflow_shadow_ancestor
D:7:      gammafunk_the_bubble [the_bubble_gammafunk_crates], layout_loops_ring,
          lemuel_doored_altar, skrybe_limestone_x
D:8:      layout_layer_cave, david_lair_shrubbed, nicolae_letterblocks
          [nicolae_letter_subblock, nicolae_letter_subblock,
          nicolae_letter_subblock, nicolae_letter_subblock,
          nicolae_letter_subblock, nicolae_letter_subblock,
          nicolae_letter_subblock, nicolae_letter_subblock,
          nicolae_letter_subblock, nicolae_letter_subblock,
          nicolae_letter_subblock, nicolae_letter_subblock,
          nicolae_letter_subblock, nicolae_letter_subblock,
          nicolae_letter_subblock, nicolae_letter_subblock,
          nicolae_letter_subblock, nicolae_letter_subblock,
          nicolae_letter_subblock, nicolae_letter_subblock,
          nicolae_letter_subblock, nicolae_letter_subblock,
          nicolae_letter_subblock, nicolae_letter_subblock,
          nicolae_letter_subblock]
D:9:      layout_irregular_city, mainiacjoe_overflow_24_doors, xom_butterflies,
          gammafunk_ghost_spectres, serial_shops, nicolae_shop_tiny_waterfront,
          nicolae_shop_trees, shop, shop
D:10:     layout_loops_ring, mainiacjoe_overflow_boulevard, erik_orc_4,
          dreamdust_princess_corridor
D:13:     layout_long_grid, uniq_kirke
D:14:     layout_irregular_city, hellmonk_vaults_attempted_burglary,
          trove_entry_hex_spiral, minmay_crystal_water, kennysheep_potato,
          uniq_jorgrun
D:15:     gammafunk_depths_entry_grave, layout_cave_pools,
          ebering_ghost_rock_garden, okawaru_trees_1, uniq_agnes, uniq_louise,
          uniq_nessos

Action                     || total
---------------------------++-------
  Melee: Falchion          ||     5
Ability: Dig               ||    32
         Shaft Self        ||    10
    Use: Scroll            ||     3
 Armour: Animal skin       ||     3
  Dodge: Dodged            ||     3

Table legend: (Time is in decaauts)
 A = Elapsed time spent in this place.
 B = Non-inter-level travel time spent in this place.
 C = Inter-level travel time spent in this place.
 D = Time resting spent in this place.
 E = Time spent auto-exploring this place.
 F = Levels seen in this place.
 G = Mean time per level.
                   A        B        C        D        E       F      G
               +--------+--------+--------+--------+--------+-----+--------+
         Total |   1906 |   1906 |      0 |    303 |     15 |  11 |  173.3 |
       Dungeon |   1906 |   1906 |      0 |    303 |     15 |  11 |  173.3 |
               +--------+--------+--------+--------+--------+-----+--------+

Top non-repeatable levels by time:
     D:2: 816 daAuts
    D:15: 617 daAuts
     D:9: 349 daAuts
     D:1: 54 daAuts
    D:10: 37 daAuts
     D:4: 13 daAuts
     D:3: 5 daAuts
     D:7: 2 daAuts
     D:8: 2 daAuts
    D:14: 2 daAuts
    D:13: 2 daAuts
